Map: Odyssey LE

Players

Ampersand - Winner!

  • Race: Zerg Zerg
  • League: Diamond
  • Spawn Location: 11:00

rafapras

  • Race: Protoss Protoss
  • League: Diamond
  • Spawn Location: 5:00

VOD

Have the link to the VOD?

Description

Time

  • Played on: Dec. 2, 2017, 9:38 a.m.
  • Length: 8:07
Show
View Real Time Build Order
Export as new Build Order

Ampersand Zerg - Winner!

Build Orders: Pool First 

Get SALT Encoding   

  12  0:02  Drone  
  13  0:14  Overlord  
  13  0:18  Drone  
  14  0:33  Drone x2  
  16  0:41  Drone  
  17  0:48  Drone  
  18  0:54  Extractor  
  18  0:55  Spawning Pool  
  16  0:59  Drone  
  17  1:09  Drone  
  18  1:21  Drone  
  19  1:27  Hatchery  
  18  1:35  Drone  
  19  1:41  Queen  
  19  1:45  Overlord  
  21  1:52  Zergling x2  
  22  1:55  Metabolic Boost  
  22  2:05  Zergling x2  
  23  2:13  Zergling x2  
  24  2:23  Queen  
  24  2:26  Drone  
  27  2:50  Hatchery  
  27  2:51  Drone x2  
  28  2:59  Pneumatized Carapace  
  28  3:04  Drone x2  
  28  3:05  Queen  
  30  3:12  Drone x2  
  34  3:15  Drone  
  35  3:21  Drone  
  36  3:32  Overlord  
  36  3:37  Roach Warren  
  36  3:38  Drone  
  36  3:46  Overlord  
  36  3:52  Drone x3  
  36  3:53  Drone, Overlord  
  40  3:57  Drone  
  40  4:01  Lair  
  41  4:08  Drone  
  43  4:10  Drone, Spore Crawler  
  43  4:14  Drone x2  
  44  4:17  Extractor  
  44  4:21  Drone x3  
  46  4:28  Drone x3  
  49  4:40  Spore Crawler  
  48  4:47  Drone, Spore Crawler  
  48  4:48  Drone, Spine Crawler  
  48  4:49  Drone x2  
  48  4:50  Drone, Extractor  
  48  4:52  Drone, Extractor  
  50  4:58  Roach x2  
  54  5:07  Overlord  
  54  5:11  Hydralisk Den  
  54  5:13  Drone x2, Overlord  
  55  5:16  Roach, Glial Reconstitution  
  55  5:19  Overlord  
  55  5:20  Extractor  
  56  5:22  Roach  
  58  5:29  Roach x2  
  58  5:30  Roach  
  64  5:35  Overseer  
  64  5:42  Roach x4  
  72  5:46  Overlord  
  72  5:49  Roach x3  
  78  5:55  Drone  
  78  5:56  Drone x2  
  81  6:00  Muscular Augments  
  81  6:04  Hydralisk  
  83  6:11  Drone x3  
  83  6:12  Drone x3  
  83  6:15  Overlord  
  89  6:19  Drone  
  90  6:25  Overlord  
  90  6:30  Overlord x2  
  89  6:39  Hatchery  
  88  6:40  Overlord x2  
  88  6:46  Hydralisk  
  88  6:47  Hydralisk x3  
  88  6:52  Roach x3  
  88  6:54  Overlord  
  102  6:58  Hydralisk x2  
  106  7:03  Roach x2  
  106  7:06  Hydralisk  
  106  7:07  Hydralisk  
  114  7:12  Hydralisk x2  
  118  7:27  Hydralisk x3  
  108  7:33  Hydralisk  
  108  7:34  Hydralisk x2  
  108  7:39  Overlord  
  108  7:43  Roach x4  
  102  7:46  Overseer  
Show
View Real Time Build Order
Export as new Build Order

rafapras Protoss 

Build Orders:  

Get SALT Encoding   

  12  0:02  Probe  
  14  0:14  Probe  
  14  0:19  Pylon  
  14  0:26  Probe  
  15  0:38  Probe (Chrono Boost)  
  17  0:50  Probe (Chrono Boost)  
  17  0:53  Probe (Chrono Boost)  
  18  1:06  Nexus  
  18  1:18  Gateway  
  18  1:27  Forge  
  18  1:34  Pylon  
  18  1:44  Probe  
  19  1:56  Probe  
  19  1:58  Gateway  
  20  2:05  Zealot (Chrono Boost)  
  22  2:11  Probe  
  22  2:13  Assimilator  
  23  2:17  Assimilator  
  23  2:21  Photon Cannon  
  23  2:23  Probe  
  23  2:27  Probe (Chrono Boost)  
  26  2:37  Probe (Chrono Boost)  
  26  2:39  Probe (Chrono Boost)  
  28  2:49  Probe x2 (Chrono Boost)  
  29  2:51  Cybernetics Core  
  29  2:52  Probe  
  29  2:54  Probe  
  31  3:04  Probe  
  32  3:06  Probe  
  33  3:17  Probe (Chrono Boost)  
  35  3:27  Pylon  
  36  3:28  Probe (Chrono Boost)  
  36  3:29  Probe (Chrono Boost)  
  36  3:31  Probe x2  
  36  3:33  Warp Gate (Chrono Boost)  
  38  3:37  Stargate  
  38  3:40  Protoss Ground Weapons Level 1  
  38  3:42  Shield Battery  
  38  3:43  Probe x2  
  40  3:51  Stalker  
  40  3:55  Probe  
  43  3:56  Probe  
  43  4:02  Assimilator  
  44  4:05  Assimilator  
  44  4:07  Probe  
  44  4:08  Probe  
  46  4:19  Probe  
  46  4:20  Probe  
  46  4:21  Stalker  
  53  4:27  Oracle  
  53  4:31  Probe  
  53  4:36  Twilight Council  
  54  4:38  Pylon  
  54  4:40  Gateway  
  54  4:42  Gateway  
  54  4:55  Pylon  
  54  4:56  Probe x2  
  56  5:06  Gateway  
  59  5:08  Probe  
  59  5:13  Robotics Facility, Oracle  
  60  5:14  Charge (Chrono Boost)  
  60  5:19  Gateway  
  60  5:24  Protoss Ground Weapons Level 2  
  60  5:25  Gateway  
  60  5:27  Gateway  
  60  5:43  Pylon  
  60  5:49  Pylon  
  60  5:51  Pylon  
  60  5:52  Pylon  
  60  5:54  Pylon  
  63  5:59  Oracle  
  63  6:02  Warp Prism  
  65  6:10  Zealot  
  65  6:11  Zealot x4  
  75  6:20  Stalker  
  77  6:39  Observer (Chrono Boost)  
  81  6:41  Oracle (Chrono Boost)  
  81  6:42  Stalker x4  
  81  6:43  Zealot x2  
  81  6:44  Sentry  
  81  6:45  Sentry  
  97  7:05  Pylon  
  97  7:07  Pylon  
  97  7:08  Pylon  
  97  7:11  Zealot x2  
  86  7:30  Stalker x4  
  86  7:31  Stalker x3  
  80  7:42  Stalker  
  57  7:53  Adept x3  
  57  7:54  Adept x3  
Tags
 
Matchup
PvZ
Opening
Pool First
Spawn Locations
Cross Positions
Add a new tag
Caveats
  • Supply blocks, unpowered buildings, or Contaminate may cause inaccurate times.
  • Supply counts are checked every 10 seconds.